 Dungeon Crawl Stone Soup version 0.17-a0-483-g810ce3f (webtiles) character file.

15460 Kisielow the Nimble (level 12, -10/112 HPs)
             Began as a Merfolk Transmuter on Apr 8, 2015.
             Was a High Priest of Okawaru.
             Mangled by a black mamba (15 damage)
             ... on level 3 of the Lair of Beasts.
             The game lasted 01:01:29 (18439 turns).

Kisielow the Nimble (Merfolk Transmuter)           Turns: 18439, Time: 01:01:29

Health: -10/112    AC:  7    Str: 11    XL:     12   Next: 27%
Magic:  14/15      EV: 18    Int: 17    God:    Okawaru [*****.]
Gold:   790        SH:  0    Dex: 14    Spells: 3 memorised, 3 levels left

rFire  x . .     SeeInvis +       - Unarmed
rCold  + + +     Clarity  .     (armour currently unavailable)
rNeg   . . .     SustAb   .     (shield currently unavailable)
rPois  +         Gourm    .     (helmet currently unavailable)
rElec  .         Spirit   .     (cloak currently unavailable)
rCorr  .         Warding  .     (gloves currently unavailable)
rMut   .         Stasis   .     (boots currently unavailable)
MR     .....                    (no amulet)
Stlth  ++........               v - ring of see invisible
                                o - +2 ring of strength

@: lethally poisoned (-10 -> -10), ice-form, very slightly contaminated, hasted,
very quick, not resistant to hostile enchantments, unstealthy
A: (change form in water), (swift swim), deterioration 1, regeneration 1, weak 1
a: End Transformation, Heroism, Finesse, Renounce Religion


You were on level 3 of the Lair of Beasts.
You worshipped Okawaru.
Okawaru was extremely pleased with you.
You were hungry.
You were a creature of crystalline ice.
You visited 3 branches of the dungeon, and saw 14 of its levels.
You also visited: Sewer.

You collected 790 gold pieces.

Inventory:

Missiles
 T - 37 arrows
Armour
 c - a +0 robe (melded)
 S - the +2 shield of Voanytor {rPois}
   (Okawaru gifted it to you on level 1 of the Lair of Beasts)

   It protects you from poison.
 V - a +0 cloak (melded)
Jewellery
 b - an uncursed ring of stealth
 o - a +2 ring of strength (left front paw)
 v - a ring of see invisible (right front paw)
Magical devices
 a - a wand of magic darts (23)
 j - a wand of confusion (18)
 r - a wand of polymorph (18)
 s - a wand of paralysis (8)
 D - a wand of cold (7)
 J - a wand of draining (9)
 L - a wand of fire (6)
 O - a wand of polymorph (9)
 P - a wand of teleportation (5)
 Q - a wand of fireball (13)
Scrolls
 f - a scroll of fear {unknown}
 h - 4 scrolls of teleportation
 i - a scroll of recharging
 y - 3 scrolls of enchant weapon
 F - 5 scrolls of remove curse
 M - a scroll of amnesia
 W - a scroll of magic mapping
Potions
 e - 7 potions of brilliance
 k - a potion of haste
 l - 2 potions of flight
 n - a potion of might
 p - 2 potions of restore abilities
 q - 2 potions of agility
 w - a potion of berserk rage {unknown}
 x - 2 potions of magic
 B - a potion of lignification
 H - 2 potions of curing
 U - a potion of ambrosia
Books
 d - a book of Changes

   Spells                             Type                      Level
   a - Beastly Appendage              Transmutation                1
   b - Sticks to Snakes               Transmutation                2
   c - Spider Form                    Transmutation/Poison         3
   d - Ice Form                       Ice/Transmutation            4
   e - Blade Hands                    Transmutation                5
 m - a book of Transfigurations

   Spells                             Type                      Level
   a - Stoneskin                      Transmutation/Earth          2
   b - Irradiate                      Conjuration/Transmutation    5
   c - Statue Form                    Transmutation/Earth          6
   d - Hydra Form                     Transmutation                6
   e - Dragon Form                    Transmutation                7
 t - a book of Alchemy

   Spells                             Type                      Level
   a - Sublimation of Blood           Necromancy                   2
   b - Alistair's Intoxication        Transmutation/Poison         4
   c - Condensation Shield            Ice                          4
   d - Petrify                        Transmutation/Earth          4
   e - Ignite Poison                  Fire/Transmutation           5
   f - Irradiate                      Conjuration/Transmutation    5
 I - a book of the Tempests

   Spells                             Type                      Level
   a - Static Discharge               Conjuration/Air              3
   b - Lightning Bolt                 Conjuration/Air              5
   c - Fireball                       Conjuration/Fire             5
   d - Tornado                        Air                          9
   e - Shatter                        Earth                        9
 R - a book of Burglary

   Spells                             Type                      Level
   a - Swiftness                      Charms/Air                   2
   b - Passwall                       Transmutation/Earth          3
   c - Passage of Golubria            Translocation                4
   d - Lee's Rapid Deconstruction     Earth                        5
   e - Invisibility                   Hexes                        6
   f - Darkness                       Hexes                        7
Miscellaneous
 A - a box of beasts
 K - a box of beasts
Comestibles
 g - 3 meat rations
 u - 4 bread rations
 z - a royal jelly
 C - 2 slices of pizza
 E - a beef jerky
 X - 4 chunks of flesh


   Skills:
 * Level 8.4 Fighting
 * Level 14.5 Dodging
 * Level 11.4 Unarmed Combat
 - Level 2.0 Spellcasting
 - Level 11.0 Transmutations
 - Level 5.2 Ice Magic
 - Level 2.1 Poison Magic


You had 3 spell levels left.
You knew the following spells:

 Your Spells              Type           Power        Failure   Level  Hunger
b - Blade Hands           Trmt           #####.....   8%          5    ######.
i - Ice Form              Ice/Trmt       ####....     10%         4    #####..
s - Spider Form           Trmt/Pois      ###.......   4%          3    ###....


Dungeon Overview and Level Annotations

Branches:
Dungeon (10/15)            Temple (1/1) D:5            Lair (3/8) D:10
  Snake (0/5) Lair:3
  Swamp: Lair:3-6    Shoals: Lair:3-6       Orc: D:9-12

Altars:
Ashenzari
Cheibriados
Dithmenos
Elyvilon
Fedhas
Gozag
Kikubaaqudgha
Makhleb
Nemelex Xobeh
Okawaru
Qazlal
Ru
Sif Muna
Trog
Vehumet
Xom
Yredelemnul
Zin
The Shining One

Shops:
D:4 (   D:6 :


Innate Abilities, Weirdness & Mutations

((You revert to your normal form in water.))
((You are very nimble and swift while swimming.))
Your body is slowly deteriorating.
Your natural rate of healing is unusually fast.
You are weak. (Str -2)


Message History

The ball python bites you but does no damage.
You feel sick. The ball python completely misses you.
The ball python completely misses you.
You see here an adder corpse.
You feel sick. The black mamba bites you!
* * * LOW HITPOINT WARNING * * *
Drink which item? (? for menu, Esc to quit)
You feel much better.
You feel sick.
The black mamba is no longer moving slowly.
The black mamba barely misses you.
Drink which item? (? for menu, Esc to quit)
You feel yourself speed up. The black mamba bites you!
* * * LOW HITPOINT WARNING * * *
The ball python misses you. The black mamba bites you!
* * * LOW HITPOINT WARNING * * *
The black mamba closely misses you. The ball python completely misses you.
The black mamba barely misses you.
You are very lightly contaminated with residual magic.
The black mamba bites you!
You die...

##... #....## #...#
##...## #...##
#######.....# ##.†.#
#.#.#.##...## P.
##...P###P....##...#
....#...........P......#
#...P.>PSS..#..####....#
###..P.S..###.## ##...#
#.....Y## ### #...#
#...##.P# ....# #.P#
#..# #P...# #... #P..
##...# .. ##... #....
...# #... #..# ...


You could see 2 black mambas and a ball python.

Vanquished Creatures
  2 death yaks
  An unseen horror (D:9)
  A hill giant (D:10)
  A griffon (Lair:2)
  4 black mambas
  A centaur skeleton (D:10)
  A spiny frog (Lair:2)
  4 komodo dragons
  A troll (D:10)
  Prince Ribbit (D:8)
  Sigmund (D:4)
  Eustachio (D:4)
  A basilisk (Lair:2)
  4 hippogriffs
  5 yaks
  The ghost of Kisielow the Changer, an average MfTm (D:4)
  Menkaure (D:7)
  2 hungry ghosts (D:9)
  7 water moccasins
  3 wargs (D:10)
  2 ice beasts
  9 porcupines
  2 orc warriors
  A black bear (D:9)
  2 centaurs (D:9)
  2 ogres
  A sky beast (D:9)
  7 crocodiles
  5 giant frogs
  5 big kobolds
  3 scorpions
  A goliath beetle (D:7)
  6 crimson imps
  4 centaur zombies
  10 orc priests
  8 hounds
  A jelly (D:9)
  A gnoll shaman (D:5)
  8 iguanas
  6 worker ants
  Terence (D:2)
  12 orc wizards
  4 sheep (Lair:2)
  A hound zombie (D:10)
  A hound skeleton (D:10)
  A mummy (D:8)
  A worker ant zombie (D:5)
  9 gnolls
  A shadow imp (D:8)
  23 adders
  13 river rats
  3 white imps (D:8)
  5 worms
  3 ufetubi
  An adder skeleton (D:5)
  9 giant geckos
  2 oozes
  50 orcs
  A bat skeleton (D:4)
  8 giant cockroaches
  16 goblins
  19 hobgoblins
  12 jackals
  38 kobolds
  4 quokkas
  7 ball pythons
  14 bats
  A giant gecko skeleton (D:4)
  4 giant newts
  A jackal skeleton (D:5)
  35 rats
427 creatures vanquished.

Vanquished Creatures (others)
  3 plants (Lair:2)
3 creatures vanquished.

Grand Total: 430 creatures vanquished

Notes
Turn   | Place    | Note
--------------------------------------------------------------
     0 | D:1      | Kisielow, the Merfolk Transmuter, began the quest for the Orb.
     0 | D:1      | Reached XP level 1. HP: 15/15 MP: 3/3
   178 | D:1      | Reached XP level 2. HP: 11/21 MP: 3/5
   199 | D:1      | Reached skill level 4 in Unarmed Combat
   917 | D:1      | Found a sparkling altar of Nemelex Xobeh.
  1024 | D:1      | Reached XP level 3. HP: 26/26 MP: 4/6
  1029 | D:1      | Learned a level 3 spell: Spider Form
  1716 | D:2      | Reached skill level 1 in Poison Magic
  1889 | D:2      | Reached XP level 4. HP: 27/32 MP: 0/7
  2089 | D:2      | Noticed Terence
  2100 | D:2      | Killed Terence
  2394 | D:2      | Reached XP level 5. HP: 37/37 MP: 4/8
  2536 | D:3      | Found a glowing drain.
  2598 | D:3      | Reached skill level 5 in Transmutations
  2622 | Sewer    | Entered a sewer
  2858 | Sewer    | Reached skill level 6 in Transmutations
  2858 | Sewer    | Reached XP level 6. HP: 24/43 MP: 3/9
  2883 | Sewer    | Learned a level 5 spell: Blade Hands
  3865 | Sewer    | Reached skill level 5 in Unarmed Combat
  3873 | Sewer    | Reached XP level 7. HP: 26/52 MP: 2/10
  4239 | D:3      | Found a shattered altar of Ashenzari.
  5196 | D:4      | Found Laothr Kaerr's Weapon Shoppe.
  5213 | D:4      | Noticed Kisielow's ghost (average MfTm)
  5248 | D:4      | Killed Kisielow's ghost
  5612 | D:4      | Reached skill level 5 in Fighting
  5618 | D:4      | Reached XP level 8. HP: 22/62 MP: 5/11
  5906 | D:4      | Found a shadowy altar of Dithmenos.
  6090 | D:4      | Noticed Sigmund
  6165 | D:4      | Reached skill level 7 in Unarmed Combat
  6267 | D:5      | Entered Level 5 of the Dungeon
  6306 | D:5      | Found a shattered altar of Ashenzari.
  6307 | D:5      | Found an iron altar of Okawaru.
  6311 | D:5      | Found a burning altar of Makhleb.
  6311 | D:5      | Found a sparkling altar of Nemelex Xobeh.
  6311 | D:5      | Found an ancient bone altar of Kikubaaqudgha.
  6325 | D:5      | Found a glowing silver altar of Zin.
  6325 | D:5      | Found a white marble altar of Elyvilon.
  6330 | D:5      | Became a worshipper of Warmaster Okawaru
  6587 | D:5      | Found a staircase to the Ecumenical Temple.
  6594 | Temple   | Entered the Ecumenical Temple
  7128 | D:5      | Reached skill level 8 in Unarmed Combat
  7537 | D:5      | Acquired Okawaru's first power
  7929 | D:6      | Reached skill level 9 in Unarmed Combat
  7935 | D:6      | Reached XP level 9. HP: 53/71 MP: 8/12
  8545 | D:6      | Found Yntasozuni's Book Shop.
  8874 | D:6      | Reached skill level 10 in Unarmed Combat
  9052 | D:7      | Reached skill level 5 in Dodging
  9363 | D:7      | Noticed Menkaure
  9726 | D:4      | Noticed Eustachio
  9745 | D:4      | Killed Eustachio
  9878 | D:4      | Killed Sigmund
 10274 | D:7      | Found a bloodstained altar of Trog.
 10292 | D:7      | Killed Menkaure
 10325 | D:7      | Learned a level 4 spell: Ice Form
 11066 | D:8      | Noticed Prince Ribbit
 11072 | D:8      | Killed Prince Ribbit
 11072 | D:8      | Reached skill level 10 in Dodging
 11072 | D:8      | Reached XP level 10. HP: 30/77 MP: 9/13
 11401 | D:7      | Reached skill level 11 in Dodging
 12070 | D:8      | Found a shimmering altar of Xom.
 12070 | D:8      | Found a basalt altar of Yredelemnul.
 12260 | D:9      | Noticed an unseen horror
 12270 | D:9      | Killed an unseen horror
 12291 | D:9      | Reached skill level 12 in Dodging
 12611 | D:9      | Gained mutation: You expend magic power (3 MP) to strengthen your wands. [mutagenic meat]
 13196 | D:9      | Reached skill level 1 in Ice Magic
 13427 | D:9      | Found a staircase to the Lair.
 13525 | D:10     | Entered Level 10 of the Dungeon
 13673 | D:10     | Noticed a hill giant
 13699 | D:10     | Killed a hill giant
 13758 | D:10     | Received a gift from Okawaru
 13758 | D:10     | Reached XP level 11. HP: 70/83 MP: 10/14
 13848 | D:10     | Reached skill level 5 in Ice Magic
 14358 | D:10     | Found a staircase to the Lair.
 14387 | D:10     | Reached skill level 10 in Transmutations
 14791 | D:10     | Acquired Okawaru's second power
 14939 | Lair:1   | Entered Level 1 of the Lair of Beasts
 15440 | Lair:1   | Received a gift from Okawaru
 15450 | Lair:1   | Reached skill level 13 in Dodging
 15453 | Lair:1   | Got a jewelled shield {god gift}
 15460 | Lair:1   | Identified the +2 shield of Voanytor {rPois} (Okawaru gifted it to you on level 1 of the Lair of Beasts)
 17302 | Lair:2   | Gained mutation: Your natural rate of healing is unusually fast. [potion of mutation]
 17302 | Lair:2   | Gained mutation: You are weak. (Str -2) [potion of mutation]
 17302 | Lair:2   | Gained mutation: Your body is slowly deteriorating. [potion of mutation]
 17303 | Lair:2   | Gained mutation: You tend to lose your temper in combat. [potion of mutation]
 17303 | Lair:2   | Gained mutation: Your body is deteriorating. [potion of mutation]
 17304 | Lair:2   | Lost mutation: You tend to lose your temper in combat. [potion of cure mutation]
 17304 | Lair:2   | Lost mutation: Your body is deteriorating. [potion of cure mutation]
 17304 | Lair:2   | Lost mutation: You expend magic power (3 MP) to strengthen your wands. [potion of cure mutation]
 17416 | Lair:2   | Reached skill level 14 in Dodging
 17629 | Lair:3   | Noticed a death yak
 17629 | Lair:3   | Noticed a death yak
 17629 | Lair:3   | Noticed a death yak
 17629 | Lair:3   | Noticed a death yak
 17631 | Lair:3   | Noticed a death yak
 17638 | Lair:2   | Killed a death yak
 17638 | Lair:2   | Reached XP level 12. HP: 80/92 MP: 11/15
 18114 | Lair:3   | Killed a death yak
 18408 | Lair:3   | Found a staircase to the Snake Pit.
 18436 | Lair:3   | HP: 5/112 [black mamba (14)]
 18439 | Lair:3   | Mangled by a black mamba

Action                   |  1- 3 |  4- 6 |  7- 9 | 10-12 || total
-------------------------+-------+-------+-------+-------++-------
Melee: Unarmed           |   107 |   175 |   475 |   568 ||  1325
 Cast: Beastly Appendage |    17 |     1 |    11 |       ||    29
       Spider Form       |     9 |    21 |    60 |    50 ||   140
       Blade Hands       |       |       |     1 |       ||     1
       Ice Form          |       |       |       |    26 ||    26
Invok: Heroism           |       |       |     1 |     2 ||     3
 Abil: End Transformatio |       |     1 |     2 |     2 ||     5
  Use: Potion            |       |     1 |     9 |    14 ||    24
       Scroll            |       |       |    12 |    12 ||    24
 Stab: Sleeping          |     1 |     1 |       |       ||     2
       Distracted        |       |       |     2 |       ||     2
  Eat: Chunk             |     5 |     6 |    30 |    32 ||    73
       Bread ration      |       |     1 |       |       ||     1
       Meat ration       |       |       |     1 |       ||     1
       Fruit             |       |       |       |     1 ||     1
       Pizza             |       |       |       |     1 ||     1
